[Event "87th Tata Steel Masters 2025"]
[White "Giri,Anish"]
[Black "Praggnanandhaa,Rameshbabu"]
[Site "Wijk aan Zee"]
[Round "9.5"]
[Annotator "TA"]
[Result "1-0"]
[Date "2025.01.28"]
[WhiteElo "2731"]
[BlackElo "2741"]
[PlyCount "125"]
[TimeControl "60"]

1. d4 Nf6 2. c4 e6 3. Nf3 d5 4. g3 Bb4+ 5. Bd2 a5 6. Bg2 O-O 7. Qc1 {[%emt 0:8:6] E11: Bogo-Indian.} Be7 8. O-O c6 9. Rd1 {[%emt 0:0:0] White has an edge.} Nbd7 10. Bf4 a4 11. Qc2 h6 12. a3 Qa5 13. Nbd2 Nh5 14. Be3 Bd6 15. Rac1 b5 $146 (15... f5 16. Nf1 Nhf6 17. cxd5 cxd5 18. Bf4 Bxf4 19. gxf4 Ne4 20. Qc7 Qxc7 21. Rxc7 Nd6 {1-0 Suleymenov,A (2499)-Sargsyan,S (2654) Astana Zhuldyzdary op-A 2023 (6)} )16. c5 Bb8 17. Ne1 e5 ({Black should try} 17... Bb7 $14 )18. Nd3 $16 Nhf6 19. Nb4 Bb7 20. dxe5 Bxe5 21. Nf3 Rfe8 22. Nxe5 (22. Nh4 Ng4 23. Bd4 Ndf6 24. Nf5 )Rxe5 23. Bd4 Re7 24. e3 Qc7 25. Qc3 (25. Nxd5 {seems wilder.} Nxd5 26. Bxd5 cxd5 27. c6 )Ne5 {[%emt 0:10:24] Strong Square White (d4)} 26. f4 Ned7 {[%emt 0:10:48] [#]} 27. Nxd5 $1 Nxd5 (27... cxd5 $6 28. c6 $16 )28. Bxd5 cxd5 (28... b4 $2 29. Qxb4 cxd5 30. c6 $18 )29. c6 $1 (29. Bxg7 $2 d4 (29... Qxc5 $2 30. Bd4 $19 )30. Rxd4 Qc6 $19 )f6 30. cxb7 {[%emt 0:0:43] White plays on the queen side and is better} Qxb7 31. Qc7 {[%emt 0:3:29] Prevents Nb6} Nf8 {[%emt 0:0:0] Black is weak on the dark squares} 32. Qxb7 Rxb7 33. Bc3 Rd8 (33... Rd7 $16 )34. Ba5 $1 $18 Re8 35. Kf2 (35. Rxd5 Rxe3 36. Rc8 Kf7 $16 )Rd7 {[%emt 0:0:0] [#]} 36. Rc5 $1 Rde7 37. Rc3 (37. Rxb5 $6 Rxe3 38. Rd2 (38. Rdxd5 Re2+ 39. Kg1 Ne6 $16 )d4 $16 )Rd7 38. Rcd3 Ra8 39. Bb4 (39. Rxd5 Rxd5 40. Rxd5 Rxa5 $17 )Rad8 40. Ba5 Ra8 41. Bb4 (41. Rxd5 Rxd5 42. Rxd5 Rxa5 $19 )Rad8 42. Rc1 $36 {[%emt 0:14:59][%mdl 2048] White is on the roll.} d4 43. e4 g5 44. Kf3 {[%emt 0:9:15] White has more active pieces.} Re8 (44... Ne6 $16 )45. h4 Ne6 46. f5 {[%emt 0:0:0][%cal Yf4f5,Yf5e6,Ye6e7][%mdl 32] White has a king side majority} Nd8 (46... g4+ $142 47. Kxg4 Nd8 )47. Rc8 g4+ {[%emt 0:0:0] [#]} 48. Kf4 $1 ({Inferior is} 48. Kxg4 Rxe4+ 49. Kf3 Re5 $11 )h5 (48... Kf7 49. Bc3 (49. Kxg4 Rxe4+ 50. Kh5 Kg7 $14 )Kg8 )49. Bc5 Rb7 (49... Kh8 {is a better defense.} 50. Bxd4 (50. Rxd4 Rxd4 51. Bxd4 Ne6+ 52. fxe6 Rxc8 $18 )Kg8 )50. Rxd4 {[%emt 0:0:0] White is clearly winning.} Ne6+ 51. fxe6 Rxc8 {[%emt 0:0:0][%mdl 4096] Endgame KRR-KRB} 52. Rd5 {[%emt 0:3:44][%cal Yf4f5] And now Kf5! would win.} Rbc7 {[%emt 0:0:0] [#]} 53. e7 $1 {[%emt 0:0:0] White threatens Rd8+ and mate.} Re8 54. Rxh5 Kf7 55. Kxg4 Ke6 56. Rd5 Rcc8 57. Kf4 Rh8 58. h5 Rhg8 59. g4 Rce8 60. Rf5 Rc8 61. Bd4 Kxe7 62. Bxf6+ Ke6 63. h6 {[%emt 0:0:37] Weighted Error Value: White=0.08 (flawless) /Black=0.38  Mistake:       	---       	Black=7      Inaccurate:     	White=3     	Black=2      OK:         	White=29    	Black=18     Best:        	White=7     	Black=2      Strong:       	White=3     	---} 1-0

[Event "87th Tata Steel Masters 2025"]
[White "Fedoseev,Vladimir"]
[Black "Harikrishna,Pentala"]
[Site "Wijk aan Zee"]
[Round "9.6"]
[Annotator "TA"]
[Result "1-0"]
[Date "2025.01.28"]
[WhiteElo "2717"]
[BlackElo "2695"]
[PlyCount "81"]
[TimeControl "60"]

1. d4 Nf6 2. c3 d5 3. Bf4 c6 4. h3 Bf5 5. Nd2 e6 6. Ngf3 {[%emt 0:3:4] D00: 1 d4 d5: Unusual lines.} Bd6 7. Ne5 Qc7 8. g4 {[%emt 0:5:52][%cal Yg2g4,Yg4g5][%mdl 32] The position is equal.} Bg6 9. e3 Nbd7 10. Nxg6 hxg6 11. Bxd6 Qxd6 12. Qe2 $146 (12. f4 O-O-O 13. Qf3 Kb8 14. Bd3 c5 15. O-O Ng8 16. Kg2 Ne7 17. Qg3 Ka8 18. Nf3 {1-0 Bertagnolli,A (2344)-Tirelli,M (2234) ITA-ch sf 83rd 2024 (4)} )b5 13. g5 Ng8 14. h4 Ne7 15. Qf3 Rh5 (15... Nf5 $11 )16. Be2 Nb6 17. e4 (17. Qg3 {simplifies} Qxg3 18. fxg3 Rh8 19. e4 )Nc4 18. a4 Nxd2 (18... Nxb2 19. axb5 cxb5 20. Bxb5+ Kf8 21. Be2 $16 )19. Kxd2 b4 (19... dxe4 $6 20. Qxe4 b4 21. Bxh5 gxh5 22. Qe5 bxc3+ 23. bxc3 Qxe5 24. dxe5 O-O-O+ 25. Kc2 $18 )20. e5 Qb8 21. cxb4 Qxb4+ 22. Qc3 Rb8 23. Bxh5 gxh5 24. Kc2 (24. Rhc1 $14 )Nf5 $11 25. Rhd1 (25. Qxc6+ $2 Kd8 26. Qc3 Rc8 $19 (26... Nxd4+ 27. Kd3 $15 ))Nxh4 26. Ra3 Nf5 $1 27. Qxc6+ Kd8 28. Rc3 $1 (28. Qc3 $2 Rc8 29. Kb1 Rxc3 $19 )Qxb2+ (28... Nxd4+ 29. Rxd4 Qxb2+ 30. Kd1 Qa1+ 31. Ke2 Rb2+ 32. Rd2 Rxd2+ 33. Kxd2 $18 )29. Kd3 {[%emt 0:0:6][%cal Yg5g6] [#] Chess con chili.} Ne7 30. Qc7+ Ke8 31. Rdc1 (31. Qxa7 $5 Ng6 $8 32. Rc2 Nxe5+ 33. dxe5 Qb3+ 34. Kd2 Qb4+ 35. Ke2 Qe4+ 36. Kf1 (36. Kd2 Qb4+ 37. Ke2 Qe4+ 38. Kf1 Qh1+ 39. Ke2 Qe4+ $11 )Qh1+ 37. Ke2 Qe4+ $11 )Rd8 32. Ke3 g6 (32... Rc8 33. Qxc8+ Nxc8 34. Rxc8+ Ke7 35. R1c7# )33. a5 (33. Qxa7 Nf5+ 34. Kd3 (34. Kf3 Qd2 $15 )Qxf2 )Rd7 (33... Rc8 34. Qxc8+ Nxc8 35. Rxc8+ Ke7 36. R1c7# )(33... Rb8 $1 $11 {remains equal.} )34. Qc5 $16 Rb7 {[%emt 0:3:37] [#]} 35. a6 (35. Qa3 $1 $16 {Threatens to win with a6.} Nf5+ 36. Kd3 Qxa3 (36... Qxf2 37. Rc8+ Kd7 38. Qa4+ Ke7 39. Re8# )37. Rxa3 )Rd7 $2 {[%emt 0:1:26][%mdl 8192] Loses the game.} ({Better is} 35... Rb3 $14 36. Rxb3 Qxb3+ 37. Qc3 Qb6 )36. Qa3 $18 Qb6 (36... Nf5+ $142 37. Kd3 Qb5+ (37... Qxf2 38. Rc8+ Rd8 39. Rxd8+ Kxd8 40. Qf8+ Kd7 41. Qc8+ Ke7 42. Rc7# )38. Kd2 Qb6 (38... Nxd4 $2 {is the wrong capture.} 39. Rc8+ Rd8 40. Rxd8+ Kxd8 41. Qf8+ Qe8 42. Rc8+ Kxc8 43. Qxe8+ $18 )39. Rc8+ Rd8 40. Rxd8+ Qxd8 )37. Qa4 Nf5+ 38. Kd3 {[%emt 0:0:8] Rc8+ would kill now.} Kf8 39. Rb3 Qd8 40. Rb7 Re7 41. Qb4 {[%emt 0:50:8] Weighted Error Value: White=0.08 (flawless) /Black=0.64  Loses game:     	---       	Black=1      Mistake:       	White=2     	Black=3      Inaccurate:     	White=2     	Black=4      OK:         	White=12    	Black=11     Best:        	White=3     	Black=4      Strong:       	White=1     	Black=1} 1-0

[Event "87th Tata Steel Masters 2025"]
[White "Wei,Yi"]
[Black "Erigaisi,Arjun Kumar"]
[Site "Wijk aan Zee"]
[Round "9.7"]
[Annotator "TA"]
[Result "1/2-1/2"]
[Date "2025.01.28"]
[WhiteElo "2751"]
[BlackElo "2801"]
[PlyCount "64"]
[TimeControl "60"]

1. e4 e5 2. Nf3 Nc6 3. Bb5 a6 4. Ba4 Nf6 5. O-O Be7 6. Re1 b5 7. Bb3 O-O 8. c3 d5 9. exd5 Nxd5 10. Nxe5 Nxe5 11. Rxe5 Bb7 12. d4 Bf6 {[%emt 0:0:33] C89: Closed Ruy Lopez: Marshall Attack.} 13. Re1 Re8 14. Na3 {[%emt 0:2:38][%cal Yb1a3,Ya3c4,Yc4e5][%mdl 32] 14.Bd2 is vanishing.} b4 {[%emt 0:0:51] White is slightly better.} 15. Nc4 bxc3 {[%emt 0:0:27][%cal Yf6d4] [#]} 16. Ne5 Qd6 17. f4 cxb2 18. Bxb2 a5 19. a4 Re7 20. Ba3 Nb4 21. Rc1 Rd8 22. Rc5 Qxd4+ $146 (22... Qxc5 23. dxc5 Rxd1 24. Rxd1 Nc6 )(22... Bxe5 23. fxe5 Qg6 24. d5 Nd3 25. Rb5 c5 26. Re3 Nf4 27. Qf3 Qb1+ 28. Bd1 Qf5 29. g3 Rxd5 30. gxf4 Qg6+ 31. Kf2 Rxd1 {½-½ Kong,X (2457)-Li,C (2635) TCh-CHN Div A Finals 2024 (3.1)} )23. Qxd4 Rxd4 24. g3 ({Worse is} 24. Bxf7+ Rxf7 25. Nxf7 (25. Rxa5 Bxe5 26. Raxe5 h6 $19 )Nd3 26. Rxc7 Nxe1 $17 )(24. Rd1 {simplifies} Rxd1+ 25. Bxd1 Bxe5 26. fxe5 Rd7 27. Bb3 )Rd2 {[%emt 0:21:58] [#] White must now prevent ...Nd3.} 25. Rd1 Rxd1+ 26. Bxd1 Bxe5 27. fxe5 {[%emt 0:0:5] The position is equal.} Rd7 28. Be2 {[%emt 0:6:51][%cal Yc5b5] Black must now prevent Rb5!.} Rd2 29. Rxc7 Rxe2 30. Rxb7 Kf8 31. Bxb4+ axb4 32. Rxb4 Ra2 {[%emt 0:0:35] Weighted Error Value: White=0.03 (flawless) /Black=0.01 (flawless)   Inaccurate:     	White=1     	---        OK:         	White=12    	Black=10     Best:        	---       	Black=3} 1/2-1/2

[Event "87th Tata Steel Masters 2025"]
[White "Erigaisi,Arjun Kumar"]
[Black "Keymer,Vincent"]
[Site "Wijk aan Zee"]
[Round "10.1"]
[Annotator "TA"]
[Result "1/2-1/2"]
[Date "2025.01.29"]
[WhiteElo "2801"]
[BlackElo "2733"]
[PlyCount "76"]
[TimeControl "60"]

1. e4 e5 2. Nf3 Nc6 3. Bb5 a6 4. Ba4 Nf6 5. O-O Be7 6. Re1 b5 7. Bb3 O-O 8. h3 Bb7 9. d3 d5 {[%emt 0:0:17] seems to push 9...d6 aside. C88: Closed Ruy Lopez: Anti-Marshall Systems.} 10. exd5 Nxd5 11. Nbd2 Nd4 12. Nxe5 (12. Nxd4 exd4 13. Qf3 Ra7 14. Qf5 g6 15. Qe5 Bf6 16. Qg3 Ne3 17. Ne4 Bxe4 18. dxe4 c5 19. c3 Nc4 20. a4 Rd7 21. axb5 axb5 22. cxd4 Rxd4 23. Bxc4 Rxc4 {½-½ Erigaisi,A (2756)-Keymer,V (2726) Sigeman & Co 29th 2024 (5)} )c5 {[%emt 0:5:12] Black sacrificed a pawn} 13. c3 Nxb3 14. axb3 Re8 15. Ndf3 Bd6 $146 (15... f6 16. Ng4 Qd7 17. d4 cxd4 18. Qxd4 Bd6 19. Bh6 Rxe1+ 20. Rxe1 Rd8 21. Ne3 Bc7 22. Nxd5 Bxd5 23. Bf4 Bxf3 24. Qxd7 Rxd7 25. Bxc7 Rxc7 26. gxf3 {½-½ Gonzalez Cubertier,J (2374)-Woznica,M (2376) POL-CUB email 2022} )16. d4 Qc7 17. Bd2 f6 18. Nd3 c4 19. bxc4 bxc4 {[%emt 0:5:56] [#]} 20. Nc5 Bxc5 21. dxc5 Qxc5 22. Nd4 Rxe1+ 23. Qxe1 Nc7 {[%emt 0:1:32][%cal Yd5c7,Yc7b5,Yb5d6,Yd6f5][%mdl 32] Prevents Qe6+} 24. Qe2 Re8 25. Qg4 Bc8 26. Qg3 Nb5 27. Be3 Qd5 28. Nc2 Nd6 29. Nb4 Qe6 30. Qf4 ({Inferior is} 30. Nxa6 Nf5 31. Qf4 Bxa6 $19 )g5 {[%emt 0:6:14] The position is equal.} 31. Qg4 Nf5 32. Bd2 (32. Bd4 $5 )Qf7 33. Re1 (33. Nxa6 Nh4 34. Qg3 Bb7 $19 )Rxe1+ 34. Bxe1 Qe6 35. Bd2 Bb7 36. Nc2 Qe4 37. Qxe4 Bxe4 38. Ne3 Nxe3 {[%emt 0:0:38] Weighted Error Value: White=0.06 (flawless) /Black=0.06 (flawless)   Inaccurate:     	White=1     	Black=1      OK:         	White=8     	Black=14} 1/2-1/2

[Event "87th Tata Steel Masters 2025"]
[White "Harikrishna,Pentala"]
[Black "Caruana,Fabiano"]
[Site "Wijk aan Zee"]
[Round "10.2"]
[Annotator "TA"]
[Result "1/2-1/2"]
[Date "2025.01.29"]
[WhiteElo "2695"]
[BlackElo "2803"]
[PlyCount "136"]
[TimeControl "60"]

1. e4 c5 2. Nf3 d6 3. Nc3 a6 4. d4 cxd4 5. Qxd4 Nc6 6. Qe3 {[%emt 0:0:32] B50: Sicilian: 2...d6, Miscellaneous.} g6 7. Be2 Bh6 8. Qd3 {[%emt 0:0:8] White has an edge.} Bg7 9. O-O Bg4 10. Bg5 h6 11. Be3 Rc8 $146 (11... Nf6 12. Nd5 Bxf3 13. Nxf6+ Bxf6 14. Bxf3 Ne5 15. Qe2 Nxf3+ 16. Qxf3 Bxb2 17. Rab1 Be5 18. Rxb7 Qc8 19. Rfb1 Qxc2 20. a3 h5 {½-½ Vogt,I-Meissen,F Team-ch L14K1-R(4-5) 2016} )12. Qd2 Bxc3 13. Qxc3 Nf6 $1 14. Qb3 Qd7 15. h3 Be6 16. Qc3 g5 17. Rad1 g4 18. hxg4 Bxg4 19. Bf4 Rg8 20. Qe3 Qe6 21. Rfe1 Nb4 22. Nd4 {[%emt 0:0:54] [#]} Nxc2 $1 23. Nxe6 Nxe3 24. Bxe3 Bxe6 25. f3 Bxa2 26. Rc1 Kd7 27. Bxh6 d5 28. e5 {[%emt 0:2:4] aiming for Rxc8.} Rxc1 29. Rxc1 Ne8 30. Be3 Nc7 31. f4 e6 32. Kf2 {[%emt 0:1:39] [#]} Bc4 $1 33. Bxc4 (33. Bh5 Rg7 )dxc4 34. Rxc4 $11 {[%emt 0:0:8][%mdl 4096] Endgame KRB-KRN} Nd5 35. Bd2 b5 36. Rc1 b4 37. Ra1 Ra8 38. Ra5 (38. Rc1 $11 )Kc6 $17 39. Be3 Nxe3 $1 40. Kxe3 {[%emt 0:0:5] KR-KR} Kb6 41. Ra1 a5 42. g4 {[%emt 0:0:0] [#]} Kb5 $1 43. b3 {[%emt 0:0:0] [#]} (43. Kd2 $142 )a4 $1 $19 44. bxa4+ Rxa4 45. Rb1 Ra3+ 46. Kd2 Rg3 $2 (46... Kc4 $19 {and Black stays clearly on top.} 47. Rc1+ Rc3 )47. g5 $17 b3 48. Rh1 (48. Rf1 $17 )Kc4 49. Rh8 Rg1 50. Rc8+ Kd4 51. Rd8+ Kc4 52. Rc8+ Kd4 {[%emt 0:0:50] ( -> ...b2)} 53. Rd8+ $1 Ke4 {[%emt 0:0:1][%cal Yb3b2] ( -> ...b2!)} 54. Kc3 Rg4 (54... Kxf4 $2 55. Rf8 $19 )({Black should try} 54... Rg3+ $17 55. Kb2 Kxf4 )55. Kxb3 $11 {[%emt 0:0:0] The position is equal.} Rxf4 (55... Kxf4 $2 56. Rd7 $19 )56. Rg8 Kxe5 {[%emt 0:0:6] aiming for ...Ke4.} 57. Kc3 Ra4 58. Rg7 $1 Ra3+ 59. Kd2 Ra7 60. Kc3 Ra3+ 61. Kd2 Ra2+ 62. Kd3 Rf2 63. Ke3 Rf1 64. Ke2 Rf5 65. Ke3 Kd6 66. Ke4 Rf1 67. Rh7 Rf5 68. Rg7 Ke7 {[%emt 0:0:5] And White is the lucky defender.   Weighted Error Value: White=0.11 (very precise) /Black=0.14 (very precise)   Missed win:     	---       	Black=1      Mistake:       	White=3     	Black=1      Inaccurate:     	White=2     	Black=3      OK:         	White=27    	Black=30     Best:        	White=5     	Black=4      Strong:       	White=2     	Black=5} 1/2-1/2

[Event "87th Tata Steel Masters 2025"]
[White "Praggnanandhaa,Rameshbabu"]
[Black "Fedoseev,Vladimir"]
[Site "Wijk aan Zee"]
[Round "10.3"]
[Annotator "TA"]
[Result "1-0"]
[Date "2025.01.29"]
[WhiteElo "2741"]
[BlackElo "2717"]
[PlyCount "89"]
[TimeControl "60"]

1. d4 d5 2. c4 e6 3. Nc3 c5 4. cxd5 exd5 5. Nf3 Nf6 6. Bg5 Be6 7. e3 c4 {[%emt 0:0:11] 7...c4 is better than 7...Nc6. D32: Tarrasch Defence: Sidelines and lines without g3.} 8. Bxf6 gxf6 (8... Qxf6 $14 9. a3 Nc6 )9. g3 $146 (9. a3 Qa5 10. g3 Nc6 11. Bg2 Be7 12. Ng1 f5 13. Nh3 Bd6 14. O-O Ne7 15. Qc2 {1-0 Poltorak,S (2392)-Yatskar,M (2066) Berlin-ch 2024 (2)} )Bb4 {[%emt 0:7:57] White is better.} 10. Bg2 Nc6 11. O-O O-O 12. Ne2 {[%emt 0:7:16][%csl Yf6,Yf7,Yh7] Black has weak pawns} (12. Nh4 $16 )Rc8 13. Nh4 Kh8 14. a3 Be7 15. e4 Rg8 16. Re1 Bf8 17. Qc2 b5 18. Rad1 Ne7 19. Nc3 a6 ({Black should play} 19... Qd7 )20. exd5 {[%emt 0:2:8][%csl Yd5] White has a strong passed pawn} Nxd5 21. Be4 {[%emt 0:0:48] White is more active.} Nf4 22. Bxh7 Rg5 23. Be4 Qd7 24. Kh1 Rh5 25. Bf3 (25. f3 $1 $16 )Rh6 (25... Bg4 $1 $14 {was preferable.} 26. Qe4 Bd6 )26. d5 Bh3 27. Be4 $1 Rh5 {[%emt 0:2:15] Dodges Bf5} 28. Ne2 Nxe2 29. Qxe2 Re5 {[%emt 0:0:2] And now ...Rce8 would win.} 30. f4 Bg4 31. Qf1 (31. Qg2 $14 Ree8 32. Bf3 )Rh5 (31... Rxe4 $1 $11 32. Rxe4 Bxd1 33. Qxd1 Kg8 )32. Bf3 $36 {[%emt 0:0:2][%cal Yd5d6][%mdl 2048] White is in control.} c3 (32... Bh3 $142 33. Qf2 Rh6 )33. bxc3 Rxc3 $2 (33... Bd6 34. Qe2 Bxf3+ 35. Qxf3 Rh7 )34. Bxg4 $18 Qxg4 35. Qe2 ({Only move:} 35. d6 $18 {Black must now prevent d7.} Qd7 36. Qe2 Qc6+ 37. Ng2 )Qxe2 $16 36. Rxe2 Bd6 (36... Rc7 $16 )37. Re8+ $1 $18 Kh7 38. Rd8 Bxf4 39. d6 Bxg3 $2 {[%emt 0:1:13] [#]} (39... Rc1 {might work better.} 40. Rxc1 Bxc1 )40. d7 $1 (40. hxg3 Rxg3 41. Rd4 (41. Kh2 $2 Rg4 $17 )Rh3+ (41... Rxa3 $2 42. d7 $18 )42. Kg2 R3xh4 (42... R5xh4 43. Rd1 $11 )43. Rxh4 Rxh4 $11 )Rxh4 {[%emt 0:1:20] [#]} (40... Bxh4 $2 41. Rc8 f5 42. Rxc3 $18 )(40... Bxh2 $142 41. Rh8+ Kxh8 42. d8=Q+ (42. d8=B $2 Be5 $19 )Kg7 )41. Rc8 $1 ({Not} 41. Rh8+ $2 Kxh8 42. d8=Q+ Kg7 $19 )Rxh2+ 42. Kg1 Rxa3 43. d8=Q {[%emt 0:0:18] White mates.} (43. d8=R $2 Rb2 44. Rh8+ Kg6 $17 )Be5 44. Qg8+ Kh6 45. Qf8+ {[%emt 0:0:4] Weighted Error Value: White=0.15 (very precise) /Black=0.54  Mistake:       	White=4     	Black=9      Inaccurate:     	White=2     	Black=5      OK:         	White=12    	Black=10     Best:        	White=3     	Black=2      Strong:       	White=4     	---} ({And not} 45. Qxf7 Rg3+ 46. Kf1 Rh1+ 47. Ke2 Rh2+ 48. Kf1 Rh1+ 49. Kf2 Rh2+ 50. Kf1 $11 )1-0

[Event "87th Tata Steel Masters 2025"]
[White "Warmerdam,Max"]
[Black "Gukesh,Dommaraju"]
[Site "Wijk aan Zee"]
[Round "10.4"]
[Annotator "TA"]
[Result "0-1"]
[Date "2025.01.29"]
[WhiteElo "2646"]
[BlackElo "2777"]
[PlyCount "68"]
[TimeControl "60"]

1. e4 d6 2. g3 c5 3. Bg2 g6 4. c3 Bg7 5. Ne2 Nc6 6. d4 cxd4 7. cxd4 Nf6 {[%emt 0:0:6] B20: Sicilian: Unusual White 2nd moves.} 8. Nbc3 O-O 9. h3 Bd7 {[%emt 0:4:31] White is slightly better.} 10. O-O Rb8 11. Be3 b5 12. b3 $146 (12. d5 Ne5 13. Bxa7 b4 14. Nb1 Ra8 15. Bd4 Qc8 16. Kh2 Bb5 17. Bxe5 dxe5 18. Nd2 {1-0 Bartel,M (2252)-Mazurkiewicz,M (2145) Titled Tuesday intern op 12th Mar Early blitz 2024 (5)} )b4 13. Na4 e6 14. Nb2 a5 15. a4 bxa3 16. Rxa3 Nb4 17. Nc3 Bb5 18. Re1 (18. Nxb5 $14 Rxb5 19. Qe2 )d5 (18... Ba6 $11 )19. e5 $14 {[%emt 0:1:25][%cal Yc3b5] Black must now prevent Nxb5!.} Nd7 20. Qd2 ({Better is} 20. Nxb5 $14 Rxb5 21. Qd2 )Ba6 $11 21. Rc1 Rc8 22. Raa1 Qb6 23. Nca4 Qb8 24. Bf1 Bxf1 25. Kxf1 f6 26. exf6 Nxf6 {[%emt 0:0:2] ...Ne4 would now be deadly.} 27. Rxc8 Qxc8 28. Rc1 $2 {[%emt 0:5:17][%mdl 8192] [#] This costs White the game.} (28. Nc3 $1 $15 )Ne4 $1 $19 29. Qd1 {[%emt 0:0:33] [#]} Qb8 (29... Nxg3+ 30. Kg2 Qe8 31. fxg3 $18 )30. Kg1 {[%emt 0:5:40] [#]} Nxg3 $1 31. Nc5 (31. Qg4 Nf5 )Nf5 32. Qg4 Qe8 {[%emt 0:1:28] Prevents Nd7.} 33. Nbd3 Nc6 34. Nf4 Bxd4 {[%emt 0:2:23] Weighted Error Value: White=0.27 (precise) /Black=0.13 (very precise)   Loses game:     	White=1     	---        Mistake:       	White=2     	Black=1      Inaccurate:     	White=1     	Black=3      OK:         	White=8     	Black=12     Best:        	White=1     	Black=1      Strong:       	---       	Black=1      Brilliant:      	---       	Black=1} 0-1

[Event "87th Tata Steel Masters 2025"]
[White "Abdusattorov,Nodirbek"]
[Black "Sarana,Alexey"]
[Site "Wijk aan Zee"]
[Round "10.5"]
[Annotator "TA"]
[Result "1-0"]
[Date "2025.01.29"]
[WhiteElo "2768"]
[BlackElo "2677"]
[PlyCount "101"]
[TimeControl "60"]

1. e4 c5 2. Nf3 d6 3. d4 cxd4 4. Nxd4 Nf6 5. Nc3 a6 6. Nb3 e6 {[%emt 0:1:16] B90: Sicilian Najdorf: Unusual White 6th moves, 6 Be3 Ng4 and 6 Be3 e5.} 7. g4 b5 8. a3 Bb7 {[%emt 0:8:5] The position is equal.} 9. Bg2 Nc6 10. g5 Nd7 11. h4 Rc8 12. Qe2 Be7 13. f4 h6 $146 (13... Nc5 14. Be3 b4 15. axb4 Nxb3 16. cxb3 Nxb4 17. O-O O-O 18. f5 exf5 19. exf5 Bxg2 20. Qxg2 Re8 21. Bd4 d5 22. f6 Bc5 23. Bxc5 Rxc5 24. fxg7 Re3 25. Rxf7 {½-½ Matozo,P (2176)-Kaupert,V (2289) BRA/CUP28/SF01 2017} )14. O-O hxg5 15. hxg5 Nb6 16. a4 Nc4 (16... b4 $15 {was preferable.} 17. Nd1 Nd7 )17. axb5 {[%emt 0:1:23] A sharp opening} axb5 18. Qf2 (18. Rf2 {looks sharper.} Qb6 19. Nd1 Kf8 20. c3 )b4 19. Nd1 Ra8 20. Rxa8 Qxa8 21. Nd2 Nxd2 22. Bxd2 Bd8 (22... Ba6 $5 23. Re1 $8 O-O $11 )23. b3 Qa5 (23... Ba6 $5 24. Re1 $8 Qb7 $11 )24. Be3 $1 Ba6 25. Re1 e5 26. Qd2 Bc7 27. f5 {[%emt 0:0:0] [#]} (27. Qd5 $11 Bb7 28. fxe5 Qxd5 29. exd5 Nxe5 30. Nf2 )Nd4 $1 $17 28. Bf2 (28. Bxd4 exd4 )Rh5 29. g6 Bd8 (29... Bb6 $15 )30. gxf7+ Kxf7 31. Ne3 (31. Nb2 $1 $15 )Bg5 (31... Bh4 $1 $17 {aiming for ...Qc5.} 32. Nd5 Qc5 )32. Qd1 $11 Rh8 33. Qg4 $36 {[%emt 0:2:46][%mdl 2048] Black is under pressure.} Qd8 34. Nd5 {[%emt 0:0:0] Threatens to win with Bxd4. Some like it hot} Rh6 ({Black should try} 34... Bb7 $1 $11 )35. Bxd4 $14 (35. Nxb4 Bd2 36. Ra1 (36. Nxa6 Bxe1 37. Bxe1 Qb6 $15 )Ne2+ 37. Kf1 Ng3+ 38. Kg1 Ne2+ 39. Kf1 Ng3+ 40. Kg1 Ne2+ $11 )exd4 36. e5 (36. Nxb4 $6 d3 37. Nxd3 (37. Nxa6 $2 Qb6+ 38. Kf1 Bh4 $19 )Bxd3 38. cxd3 Qb6+ 39. Kf1 Bh4 $11 )({White should try} 36. Ra1 $1 $14 d3 37. cxd3 (37. Rxa6 $2 dxc2 38. Ra7+ Kf8 $19 )Bxd3 38. Ra2 (38. Nxb4 $2 Be3# ))dxe5 $11 37. Rxe5 Qd6 38. Qxd4 Bf6 {[%emt 0:2:9] This pair of bishops is nice.} 39. Qa7+ (39. Qxb4 $2 {too greedy.} Qxe5 (39... Bxe5 $2 40. Kf2 $19 )(39... Qxb4 $2 40. Nxb4 Bxe5 41. Bd5+ Ke7 42. c4 $19 )40. Qe4 Qh2+ 41. Kf2 Bh4+ (41... Qh4+ $2 42. Qxh4 Rxh4 43. c4 $19 )42. Ke3 Qg1+ 43. Kf4 Bf1 $19 (43... Bb7 $2 44. Kg4 $19 ))Kf8 $2 {[%emt 0:5:33][%mdl 8192] Black cannot hold the game after this.} (39... Kg8 $14 40. Nxf6+ Rxf6 41. Re8+ Kh7 )40. Nxf6 $18 Qd1+ 41. Kf2 Qxc2+ 42. Kg3 Rxf6 {[%emt 0:6:7] [#]} 43. Bd5 ({Inferior is} 43. Qe7+ Kg8 $14 )Qd3+ {[%emt 0:12:15] [#]} 44. Re3 $1 {[%emt 0:0:0][%csl Ge3][%cal Ra7e7] White mates.} Rg6+ 45. Kf4 Qf1+ 46. Bf3 Rg4+ 47. Kxg4 Qg1+ 48. Kf4 Qh2+ 49. Ke4 Qh4+ 50. Kd5 Qd8+ 51. Kc6 {[%emt 0:0:0] Weighted Error Value: White=0.10 (very precise) /Black=0.36  Loses game:     	---       	Black=1      Mistake:       	White=3     	Black=4      Inaccurate:     	White=3     	Black=3      OK:         	White=8     	Black=13     Best:        	White=4     	Black=2      Strong:       	White=2     	---} 1-0

[Event "87th Tata Steel Masters 2025"]
[White "Wei,Yi"]
[Black "Van Foreest,Jorden"]
[Site "Wijk aan Zee"]
[Round "10.6"]
[Annotator "TA"]
[Result "1/2-1/2"]
[Date "2025.01.29"]
[WhiteElo "2751"]
[BlackElo "2680"]
[PlyCount "45"]
[TimeControl "60"]

1. e4 e5 2. Nf3 Nc6 3. Bc4 Nf6 4. d3 Be7 5. Nc3 d6 6. a3 Bg4 {[%emt 0:0:33] C55: Two Knights: 4 d3, 4 d4 exd4 5 e5 and Max Lange Attack.} 7. h3 Bxf3 8. Qxf3 Nd4 9. Qd1 c6 10. O-O O-O 11. Ne2 Ne6 12. Ng3 d5 13. Ba2 Bc5 14. Bd2 {[%emt 0:4:55] The position is equal.} a5 $146 (14... Qc7 15. Bc3 Rad8 16. Re1 Rfe8 17. exd5 Nf4 18. d4 exd4 19. Rxe8+ Rxe8 20. Bxd4 Bxd4 21. Qxd4 cxd5 22. Qxa7 {0-1 Garcia Palermo,C (2475)-Valsecchi,A (2336) ITA-ch 69th Sarre 2009 (3)} )15. Bc3 Nd4 16. Bd2 Ne6 17. Bc3 Nd4 18. Re1 Re8 19. Bd2 Ne6 $1 20. Qf3 Nd4 21. Qd1 Ne6 22. Qf3 Nd4 23. Qd1 {[%emt 0:0:3] Not much happened in this game.   Weighted Error Value: White=0.01 (flawless) /Black=0.00 (flawless)   OK:         	White=9     	Black=11     Best:        	White=1     	Black=2      Strong:       	---       	Black=1} 1/2-1/2